 Dungeon Crawl Stone Soup version 0.23.2-1-ga50397a (webtiles) character file.

Game seed: 11264308914493305474

1893 Iscandelvey the Cleaver (level 8, -4/64 HPs)
             Began as a Minotaur Fighter on Apr 27, 2019.
             Was a Follower of Okawaru.
             Slain by an orc warrior
             ... wielding a +0 trident
              (6 damage)
             ... on level 7 of the Dungeon.
             The game lasted 00:07:49 (5783 turns).

Iscandelvey the Cleaver (Minotaur Fighter)          Turns: 5783, Time: 00:07:50

Health: -4/64      AC:  8    Str: 23    XL:     8   Next: 93%
Magic:  7/7        EV:  8    Int:  5    God:    Okawaru [*.....]
Gold:   433        SH:  9    Dex: 12    Spells: 7/7 levels left

rFire    . . .     SeeInvis .   a - +0 war axe
rCold    . . .     Gourm    .   c - +0 shield
rNeg     . . .     Faith    .   D - +5 leather armour of Tigel {Dex+2}
rPois    .         Spirit   .   (helmet restricted)
rElec    .         Reflect  .   k - scarf {repulsion}
rCorr    .         Harm     .   (no gloves)
MR       .....                  (no boots)
Stlth    +.........             (no amulet)
HPRegen  0.20/turn              (no ring)
MPRegen  0.10/turn              (no ring)

@: repel missiles
A: retaliatory headbutt, horns 2
a: Heroism, Renounce Religion


You were on level 7 of the Dungeon.
You worshipped Okawaru.
Okawaru was aware of your devotion.
You were near starving.

You visited 2 branches of the dungeon, and saw 8 of its levels.
You also visited: Sewer.

You collected 433 gold pieces.

Inventory:

Hand Weapons
 a - a +0 war axe (weapon)
Missiles
 C - 3 javelins (quivered)
 J - 4 tomahawks
Armour
 b - a +0 scale mail
 c - a +0 shield (worn)
 k - a scarf of repulsion (worn)
 D - the +5 leather armour of Tigel (worn) {Dex+2}
   (You found it on level 4 of the Dungeon)

   It affects your dexterity (+2).
Jewellery
 g - an uncursed amulet of regeneration {unknown}
 h - an uncursed ring of protection from cold {unknown}
 F - an uncursed ring of wizardry {unknown}
Wands
 x - a wand of polymorph (3)
 B - a wand of iceblast (5)
Scrolls
 e - 4 scrolls of identify {unknown}
 j - 6 scrolls of teleportation {unknown}
 m - 2 scrolls of fear {unknown}
 o - a scroll of enchant armour {unknown}
 p - 2 scrolls of fog {unknown}
 q - a scroll of magic mapping {unknown}
 r - 4 scrolls of blinking {unknown}
 s - a scroll of immolation {unknown}
 t - a scroll of random uselessness {unknown}
 v - 2 scrolls of amnesia {unknown}
 y - 2 scrolls of enchant weapon {unknown}
 z - 3 scrolls of remove curse {unknown}
 I - a scroll of noise {unknown}
Potions
 d - a potion of might
 i - 2 potions of heal wounds
 l - 2 potions of agility {unknown}
 n - a potion of mutation {unknown}
 u - a potion of invisibility {unknown}
 w - a potion of cancellation {unknown}
 A - 2 potions of lignification {unknown}
 E - 2 potions of degeneration {unknown}
 G - a potion of berserk rage {unknown}
 H - a potion of curing {unknown}
Comestibles
 f - 15 rations


   Skills:
 - Level 3.6 Fighting
 * Level 13.4 Axes
 - Level 3.6 Armour
 - Level 3.6 Shields


You had 7 spell levels left.
You didn't know any spells.
Your spell library contained the following spells:

 Spells                   Type           Power        Failure   Level  Hunger
 Beastly Appendage        Tmut           #.....       95%         1    ##.....
 Sticks to Snakes         Tmut           #.......     99%         2    ###....
 Spider Form              Tmut/Pois      #.........   100%        3    ####...
 Ice Form                 Ice/Tmut       #.......     100%        4    #####..
 Blade Hands              Tmut           #.........   100%        5    ######.


Dungeon Overview and Level Annotations

Branches:
Dungeon (7/15)             Temple (1/1) D:6

Altars:
Ashenzari
Dithmenos
Fedhas
Makhleb
Okawaru
Qazlal
Sif Muna
Trog
Vehumet
Xom
Zin

Shops:
D:4 *%}*}


Innate Abilities, Weirdness & Mutations

You reflexively headbutt those who attack you in melee.
You have a pair of horns on your head.


Message History

There are monsters nearby!
You are too injured to fight recklessly!
There are monsters nearby!
You are too injured to fight recklessly!
You are too injured to fight recklessly!
You hit the orc priest but do no damage.
The orc priest is severely wounded.
You hit the hippogriff but do no damage.
The orc warrior hits you from afar with a +0 trident!
* * * LOW HITPOINT WARNING * * *
You block the orc priest's attack.
You slash the orc priest!
You kill the orc priest!
Okawaru accepts your kill.
You barely miss the hippogriff. The hippogriff barely misses you.
The hippogriff pecks you.
* * * LOW HITPOINT WARNING * * *
The hippogriff claws you but does no damage.
The orc warrior hits you from afar with a +0 trident.
You die...

. ... #.###..#... #...
##......#... #..# #
#........... ..#
.....##........... .#
.... ............. .#
... #..........# .# ##.#
#...†Ho..... .####..#
##...@)...# ..##..##
##............
#......####.....###.....
###......#......# .###
#.###..........# # #.#
#..........#
#.#...###.......#
#....## ###.###...
##...# .# #..


You could see a hippogriff and an orc warrior.

Vanquished Creatures
  Pikel (D:5)
  An ice beast (D:6)
  3 centaurs
  3 bullfrogs
  A water moccasin zombie (D:6)
  A scorpion (D:4)
  A howler monkey (D:4)
  2 hounds (D:6)
  A centaur skeleton (D:4)
  3 orc priests
  2 bullfrog skeletons
  2 jellies (D:6)
  3 orc wizards
  2 iguanas (D:4)
  3 worker ants
  A hound zombie (D:6)
  3 gnolls (D:6)
  10 adders
  3 shadow imps
  3 oozes
  An adder zombie (D:5)
  A worm (D:4)
  3 dart slugs
  6 leopard geckos
  17 orcs
  11 giant cockroaches
  11 goblins
  7 hobgoblins
  4 jackals
  5 kobolds (D:2)
  2 quokkas
  6 ball pythons
  4 bats
  8 frilled lizards
  A quokka skeleton (D:5)
  7 rats
143 creatures vanquished.

Vanquished Creatures (others)
  An ogre (D:5)
1 creature vanquished.

Grand Total: 144 creatures vanquished

Notes
Turn   | Place    | Note
-------+----------+-------------------------------------------
     0 | D:1      | Iscandelvey the Minotaur Fighter began the quest for the
                  | Orb.
     0 | D:1      | Reached XP level 1. HP: 19/19 MP: 0/0
     6 | D:1      | Reached skill level 3 in Axes
    27 | D:1      | Reached XP level 2. HP: 21/26 MP: 1/1
   244 | D:1      | Reached skill level 4 in Axes
   545 | D:2      | Reached XP level 3. HP: 26/31 MP: 2/2
   762 | D:2      | Found a burning altar of Makhleb.
   940 | D:2      | Reached skill level 5 in Axes
  1219 | D:3      | Found a radiant altar of Vehumet.
  1292 | D:3      | Found a shattered altar of Ashenzari.
  1294 | D:3      | Found a blossoming altar of Fedhas.
  1294 | D:3      | Found a shimmering altar of Xom.
  1296 | D:3      | Reached XP level 4. HP: 39/39 MP: 3/3
  1297 | D:3      | Found a deep blue altar of Sif Muna.
  1297 | D:3      | Found a stormy altar of Qazlal.
  1297 | D:3      | Found a bloodstained altar of Trog.
  1700 | D:3      | Found a shattered altar of Ashenzari.
  1785 | D:3      | Reached skill level 6 in Axes
  1902 | D:4      | Reached XP level 5. HP: 45/45 MP: 4/4
  2122 | D:4      | Reached skill level 7 in Axes
  2510 | D:4      | Found Soshayfa's Assorted Antiques.
  2568 | D:4      | Found Noyngyzu's Gadget Emporium.
  2612 | D:4      | Reached XP level 6. HP: 44/51 MP: 5/5
  2618 | D:4      | Reached skill level 8 in Axes
  2900 | D:4      | Found Nyigue's Gadget Emporium.
  2905 | D:4      | Found Hisoduus's Food Shoppe.
  2926 | D:4      | Found Liuran's Assorted Antiques.
  3133 | D:4      | Got a translucent leather armour
  3144 | D:4      | Identified the +5 leather armour of Tigel {Dex+2} (You
                  | found it on level 4 of the Dungeon)
  3570 | D:4      | Found a glowing silver altar of Zin.
  3700 | D:5      | Entered Level 5 of the Dungeon
  3810 | D:5      | Found a glowing drain.
  3827 | Sewer    | Entered a sewer
  3940 | Sewer    | Reached skill level 9 in Axes
  3992 | Sewer    | Reached XP level 7. HP: 47/57 MP: 6/6
  4331 | D:5      | Reached skill level 10 in Axes
  4375 | D:5      | Noticed Pikel
  4391 | D:5      | Killed Pikel
  4391 | D:5      | Reached skill level 11 in Axes
  4391 | D:5      | Reached XP level 8. HP: 49/64 MP: 7/7
  4499 | D:5      | Found a shadowy altar of Dithmenos.
  4923 | D:6      | Found a staircase to the Ecumenical Temple.
  4932 | D:6      | Reached skill level 12 in Axes
  4949 | Temple   | Entered the Ecumenical Temple
  4980 | Temple   | Became a worshipper of Warmaster Okawaru
  5285 | D:6      | Found an iron altar of Okawaru.
  5375 | D:6      | Reached skill level 13 in Axes
  5394 | D:6      | Reached * piety under Okawaru
  5775 | D:7      | Noticed a hippogriff
  5783 | D:7      | HP: 2/64 [hippogriff (5)]
  5783 | D:7      | Slain by an orc warrior

Skill      XL: |  1  2  3  4  5  6  7  8 |
---------------+-------------------------+-----
Axes           | 3 4 5 6 7 9 11 13 | 13.4
Fighting       | |  3.6
Armour         | |  3.6
Shields        | |  3.6

Action                   |  1- 3 |  4- 6 |  7- 9 || total
-------------------------+-------+-------+-------++-------
Melee: War axe           |    87 |   143 |   158 ||   388
       Headbutt          |    15 |    21 |    23 ||    59
  Eat: Chunk             |     1 |     6 |     4 ||    11
       Ration            |       |     1 |       ||     1
Armor: Scale mail        |    30 |    29 |       ||    59
       Leather armour    |       |    24 |    57 ||    81
Dodge: Dodged            |    19 |    42 |    33 ||    94
       Deflected         |     2 |     1 |     6 ||     9
Block: Shield            |    48 |    70 |    61 ||   179
